[Event "Early-Titled-Tuesday-Blitz-January-23-2024"]
[Site "Chess.com"]
[Date "2024.01.23"]
[Round "9"]
[White "IlanSchnaider"]
[Black "Kunalm64"]
[Result "1-0"]
[WhiteElo "2780"]
[BlackElo "2576"]
[TimeControl "180+1"]
[EndTime "9:46:19 PST"]
[Termination "IlanSchnaider won on time"]

1. e4 c6 2. Nc3 d5 3. Nf3 Bg4 4. h3 Bxf3 5. Qxf3 Nf6 6. Be2 dxe4 7. Nxe4 Nxe4 8. Qxe4 Qd5 9. Qg4 Nd7 10. O-O Nf6 11. Qg3 Qd6 12. Qb3 Qc7 13. d4 e6 14. Bg5 Be7 15. c3 h6 16. Bh4 O-O 17. Bg3 Bd6 18. Bxd6 Qxd6 19. Qxb7 Rab8 20. Qxa7 Rxb2 21. Bf3 Rfb8 22.
Qa4 c5 23. Qa3 Nd7 24. Rad1 Qc7 25. d5 Ne5 26. d6 Nxf3+ 27. gxf3 Qd7 28. Qxc5 R2b5 29.
Qc7 Rd8 30. c4 Rg5+ 31. Kh1 Qe8 32. Rb1 e5 33. Rfd1 Kh7 34. Qe7 Qc6 35. Qxf7 Rxd6 36. Rxd6 Qxd6 37. Qd5 Qg6 38. Qe4 Rf5 39. Rg1 Qh5 40.
Rg3 Qf7 41. Kg2 g6 42. c5 Rf6 43. a4 Qc7 44. Qd5 Rc6 45. Qd3 Qe7 46. a5 Qxc5 47. Qd7+ 1-0

[Event "Early-Titled-Tuesday-Blitz-January-23-2024"]
[Site "Chess.com"]
[Date "2024.01.23"]
[Round "9"]
[White "KNVB"]
[Black "JonasEilenberg"]
[Result "1-0"]
[WhiteElo "2758"]
[BlackElo "2576"]
[TimeControl "180+1"]
[EndTime "9:46:20 PST"]
[Termination "KNVB won by resignation"]

1. d4 d5 2. Bf4 c5 3. e3 Nc6 4.
c3 Qb6 5. Qb3 c4 6. Qc2 e5 7.
dxe5 Bf5 8. Qc1 g5 9. Bg3 Bg7 10. Nd2 Nxe5 11. Bxe5 Bxe5 12. Be2 Ne7 13. Bd1 Rc8 14.
Bc2 g4 15. Ne2 Qd6 16. Bxf5 Nxf5 17. Qc2 Ne7 18. O-O-O Qa6 19. Kb1 b5 20. f4 Bg7 21.
e4 O-O 22. e5 b4 23. cxb4 Nc6 24. a3 f6 25. Nc3 d4 26. b5 d3 27. Qa4 Qxa4 28.
Nxa4 Na5 29. e6 f5 30. Rhe1 Rfe8 31. b6 Rb8 32. Rc1 axb6 33. e7 b5 34. Nc5 Kf7 35. Nd7 Rb7 36. Ne5+ Bxe5 37. Rxe5 Kf6 38. a4 Nc6 39.
Rc5 Nd4 40. axb5 Rexe7 41. Nxc4 Rxb5 42. Rxb5 Nxb5 43. Ne5 Rb7 44. Nxd3 Nd6 45. Rc6 Kg6 46. Rxd6+ Kf7 47. Ne5+ Ke7 48. Rd7+ Rxd7 49. Nxd7 Kxd7 50.
Kc2 h5 51. g3 h4 52. gxh4 Ke6 53. Kd3 Kf7 54. Kd4 Kg6 55. Ke5 Kh5 56. Kxf5 Kxh4 57.
b4 Kh3 58. Kg5 Kxh2 59. Kxg4 Kg2 60. f5 Kf2 61. f6 Ke3 62. f7 Kd2 1-0

[Event "Early-Titled-Tuesday-Blitz-January-23-2024"]
[Site "Chess.com"]
[Date "2024.01.23"]
[Round "9"]
[White "OneTrickPony_82"]
[Black "NastyaHn"]
[Result "0-1"]
[WhiteElo "2490"]
[BlackElo "2362"]
[TimeControl "180+1"]
[EndTime "9:46:20 PST"]
[Termination "NastyaHn won by checkmate"]

1. d4 Nf6 2. c4 e6 3. Nf3 d5 4. Nc3 c5 5. cxd5 cxd4 6. Qxd4 exd5 7. e4 dxe4 8. Qxd8+ Kxd8 9. Ng5 Be6 10. Nxe6+ fxe6 11. Bc4 Ke7 12. O-O Nc6 13. Bg5 Kf7 14. f3 exf3 15.
Rxf3 Ne5 16. Rf4 Bc5+ 17. Kh1 Be3 18. Bb3 Bxf4 19. Bxf4 Nd3 20. Bg3 Nc5 21. Bc2 Rad8 22. Nb5 Rd2 23. Rc1 Rhd8 24. b4 Nce4 25. Be1 R2d5 26.
a4 a6 27. Na3 Rc8 28. Kg1 Nc3 29. Bxc3 Rxc3 30. Bg6+ Kxg6 31. Rxc3 Rd4 32. Nc4 Nd5 33. Rg3+ Kf6 34. Rf3+ Ke7 35. Ne5 Rxb4 36. Rf7+ Kd6 37.
Nd3 Rd4 38. Nb2 b5 39. axb5 axb5 40. Rxg7 Rd2 41. Rxh7 Rxb2 42. h4 b4 43. h5 Nf6 44.
Rh6 Ke5 45. Rg6 Kf5 46. g4+ Nxg4 47. Rg7 b3 48. Rf7+ Kg5 49. Re7 Kxh5 50. Rxe6 Kh4 51.
Rb6 Kg3 52. Kf1 Rf2+ 53. Kg1 Rf3 54. Rb4 Re3 55. Kf1 Nh2+ 56. Kg1 Re1# 0-1

[Event "Early-Titled-Tuesday-Blitz-January-23-2024"]
[Site "Chess.com"]
[Date "2024.01.23"]
[Round "9"]
[White "Rodalquilar"]
[Black "JimDiGrease"]
[Result "1-0"]
[WhiteElo "2746"]
[BlackElo "2941"]
[TimeControl "180+1"]
[EndTime "9:46:21 PST"]
[Termination "Rodalquilar won by resignation"]

1. d4 d5 2. Nf3 Nf6 3. Bf4 c5 4. e3 Nc6 5. c3 Qb6 6. Qc2 g6 7. h3 Bg7 8. Nbd2 O-O 9. Be2 Nh5 10. Bh2 Rd8 11. O-O cxd4 12. exd4 Bh6 13. Rfe1 Nf4 14. Bf1 Bf5 15. Qb3 Nd3 16. Reb1 Nf4 17. Re1 Nd3 18. Reb1 Bf4 19. Qxb6 axb6 20. g4 Be4 21. Nxe4 dxe4 22. Bxd3 Bxh2+ 23. Kxh2 exd3 24. Rd1 Na5 25. Ne5 b5 26. Nxd3 Nc4 27. a3 e6 28. Re1 Kf8 29.
Re2 Rac8 30. Kg3 Nd6 31. g5 Kg7 32. Kf4 h6 33. gxh6+ Kxh6 34. Ne5 Kg7 35. Nf3 Rh8 36. h4 Rc7 37. Rg1 Rh5 38. Re5 Rh8 39. h5 Rg8 40. hxg6 Kf8 41. Rc5 Rd7 42. Ne5 Re7 43. Rg3 f6 44. Ng4 Kg7 45. Kf3 Nf5 46. Rxf5 exf5 47.
Ne3 Kf8 48. Nxf5 Re1 49. g7+ Ke8 50. Nh6 Rxg7 51. Rxg7 Rb1 52. Rxb7 Rxb2 53. Ng4 Rb3 54. Nxf6+ 1-0

[Event "Early-Titled-Tuesday-Blitz-January-23-2024"]
[Site "Chess.com"]
[Date "2024.01.23"]
[Round "9"]
[White "djano"]
[Black "vladislavkovalev"]
[Result "0-1"]
[WhiteElo "2685"]
[BlackElo "2861"]
[TimeControl "180+1"]
[EndTime "9:46:21 PST"]
[Termination "vladislavkovalev won on time"]

1. d4 Nf6 2. Bf4 d5 3. Nf3 c5 4. e3 e6 5. Nbd2 Bd6 6. Bb5+ Nc6 7. Bxc6+ bxc6 8. Bxd6 Qxd6 9. c3 O-O 10. Qa4 Rb8 11. Qa3 Nd7 12. Nb3 Qc7 13. Nxc5 Nxc5 14. dxc5 e5 15. O-O Bg4 16. Nd2 a5 17. b4 Rb5 18.
Qa4 Be2 19. Rfe1 Bd3 20. a3 f5 21. Rad1 e4 22. f4 d4 23. cxd4 axb4 24. axb4 Rfb8 25.
Rb1 Bxb1 26. Rxb1 Qb7 27. Nc4 Rxb4 28. Rxb4 Qxb4 29. Qxb4 Rxb4 30. Ne5 Rb1+ 31. Kf2 Rb2+ 32. Kf1 Rc2 33. Nxc6 Kf7 34. Ne5+ Ke6 35. c6 Kd6 36. h4 h5 37. Kg1 Ra2 38. Kf1 Kc7 39. Kg1 Re2 40.
d5 Rd2 41. Nf7 Rxd5 42. Kf2 Kxc6 43. Ng5 Kd6 44. Nf7+ Ke6 45. Ne5 Rd2+ 46. Kf1 Rc2 47.
Kg1 Kd5 48. Kh2 Re2 49. Nd7 Rxe3 50. Nf8 Rc3 51. Ng6 e3 52. Kg3 Ke4 53. Kh2 Rc1 0-1

[Event "Early-Titled-Tuesday-Blitz-January-23-2024"]
[Site "Chess.com"]
[Date "2024.01.23"]
[Round "9"]
[White "GoValya"]
[Black "sergeikim"]
[Result "0-1"]
[WhiteElo "2319"]
[BlackElo "2523"]
[TimeControl "180+1"]
[EndTime "9:46:21 PST"]
[Termination "sergeikim won by resignation"]

1. d4 Nf6 2. g3 g6 3. Bg2 Bg7 4.
c4 d6 5. Nc3 O-O 6. e4 e5 7.
Nf3 exd4 8. Nxd4 Re8 9. O-O Nbd7 10. h3 c6 11. Be3 Nc5 12. Qc2 a5 13. b3 Nfd7 14.
Rad1 Qb6 15. Nde2 Qc7 16. a3 Ne5 17. b4 axb4 18. axb4 Nxc4 19. bxc5 Nxe3 20. fxe3 dxc5 21. Na4 b6 22. Rb1 Ra6 23. Nf4 Qa7 24. Nc3 Ra3 25.
Nce2 Rxe3 26. Kh2 b5 27. Qd2 c4 28. e5 Ra3 29. Bxc6 Rf8 30. Rxb5 Qc7 31. Bg2 c3 32. Qd6 Qxd6 33. exd6 Ra2 34. Rc1 Ba6 35. Rd5 Bxe2 36. Nxe2 Rxe2 37. d7 Rd8 38. Kg1 Kf8 39. Bf3 Rd2 40.
Rxd2 cxd2 41. Rd1 Rxd7 42. Kf2 Bc3 43. Bg4 f5 44. Bf3 Re7 45. Be2 Kg7 46. Bf3 Re1 47. g4 Kf6 48. gxf5 Kxf5 49. Bg4+ Kf4 50. Bf3 h5 51.
Be2 Bd4+ 52. Kg2 Rxe2+ 53. Kf1 Ke3 54. h4 Bc3 55. Rxd2 Rxd2 56. Ke1 Rd4+ 0-1

[Event "Early-Titled-Tuesday-Blitz-January-23-2024"]
[Site "Chess.com"]
[Date "2024.01.23"]
[Round "9"]
[White "ImportedItalianMaple"]
[Black "Aleksandar-Topalov"]
[Result "0-1"]
[WhiteElo "2438"]
[BlackElo "2347"]
[TimeControl "180+1"]
[EndTime "9:46:21 PST"]
[Termination "Aleksandar-Topalov won on time"]

1. e4 e6 2. d4 d5 3. Nd2 Nf6 4.
e5 Ng8 5. Bd3 Ne7 6. c3 Qd7 7.
h4 h5 8. Nh3 b6 9. Nf4 g6 10.
g4 hxg4 11. Qxg4 Ba6 12. Bxa6 Nxa6 13. Nf3 O-O-O 14. Be3 Nf5 15. O-O-O Bh6 16. h5 Bxf4 17. Bxf4 gxh5 18. Rxh5 Rdg8 19. Rxh8 Rxh8 20. Rg1 Kb7 21. Bg5 Rg8 22. Nh4 Nxh4 23. Qxh4 Nb8 24. f4 Nc6 25. Qh7 Qe8 26. Rh1 Na5 27. b3 Qf8 28. Kb2 Nc6 29.
Qh6 Qe8 30. Qf6 Rg6 31. Qh8 Rg8 32. Qh5 Ne7 33. Qf3 Nf5 34. Rh7 Rh8 35. Qh3 Rxh7 36. Qxh7 c5 37. dxc5 bxc5 38. Qh1 Kb8 39. Qf1 Qc6 40.
Qh1 Kb7 41. Qh7 Qd7 42. Qh1 Kb6 43. a4 d4 44. Qa8 dxc3+ 45. Ka3 c2 46. Kb2 Qd4+ 47.
Kxc2 Ne3+ 48. Kb1 Qd1+ 49. Kb2 Qd2+ 50. Kb1 Qc2+ 51. Ka1 Qc1+ 52. Ka2 Qc2+ 53. Ka1 Qd1+ 54. Kb2 Qd4+ 55. Ka2 Qd7 56. Bd8+ Ka6 57. Qb8 Nd5 0-1

[Event "Early-Titled-Tuesday-Blitz-January-23-2024"]
[Site "Chess.com"]
[Date "2024.01.23"]
[Round "9"]
[White "vova-79"]
[Black "Juicy_Fork"]
[Result "1-0"]
[WhiteElo "2556"]
[BlackElo "2429"]
[TimeControl "180+1"]
[EndTime "9:46:22 PST"]
[Termination "vova-79 won on time"]

1. d4 Nf6 2. c4 g6 3. Nc3 Bg7 4. Nf3 O-O 5. g3 d6 6. Bg2 c5 7. dxc5 dxc5 8. Qxd8 Rxd8 9. Be3 Na6 10. Ne5 Ne8 11. Nd3 Nb4 12. O-O-O Bf5 13. Nxc5 Rac8 14.
Rxd8 Rxd8 15. Nxb7 Rb8 16. a3 Na6 17. Bxa7 Rc8 18.
c5 Nec7 19. Rd1 Bxc3 20. bxc3 Nb5 21. Bb6 Nxc3 22. Rd8+ Rxd8 23. Bxd8 Nxe2+ 24. Kd2 Nd4 25. Bxe7 Bd7 26. Na5 Nb8 27. Bf6 Ndc6 28. Nxc6 Nxc6 29.
Bd5 Kf8 30. Kc3 Ne7 31. Bxe7+ Kxe7 32. Kd4 Ba4 33. f4 f6 34. Bg8 h6 35. Kc4 Kd7 36.
Bd5 Bd1 37. Kb4 g5 38. a4 gxf4 39. gxf4 Kc7 40. a5 Be2 41. Bc4 Bf3 42. Bb5 Bd5 43. Kc3 Be4 44. Kd4 f5 45. Ke5 h5 46. h4 Kb8 47. Kf6 Ka7 48. Kg5 Bf3 49. Kxf5 Bg4+ 50. Kg5 Kb7 51. f5 Kc7 52. f6 Kd8 53. Kg6 Bd1 54.
f7 1-0

[Event "Early-Titled-Tuesday-Blitz-January-23-2024"]
[Site "Chess.com"]
[Date "2024.01.23"]
[Round "9"]
[White "soloderisas"]
[Black "Ginger_GM"]
[Result "1-0"]
[WhiteElo "2512"]
[BlackElo "2672"]
[TimeControl "180+1"]
[EndTime "9:46:23 PST"]
[Termination "soloderisas won on time"]

1. d4 e6 2. Nf3 f5 3. Bf4 Nf6 4. e3 b6 5. Be2 Bb7 6. O-O g6 7.
c4 Bg7 8. Nc3 O-O 9. h3 d6 10.
Rc1 Nbd7 11. b4 h6 12. c5 g5 13. Bh2 bxc5 14. bxc5 dxc5 15. Nb5 Nd5 16. dxc5 N7f6 17. c6 Ba6 18. Nfd4 Bxb5 19. Bxb5 Qe7 20. Ba6 Rad8 21.
Qb3 Kh8 22. Rfd1 f4 23. exf4 gxf4 24. Re1 e5 25. Nf3 e4 26. Nd4 Qe5 27. Rcd1 e3 28. Nf3 exf2+ 29. Kxf2 Qf5 30. Bd3 Qh5 31. Kg1 Ne3 32.
Rd2 Nfd5 33. Be4 Nc3 34. Rxd8 Rxd8 35. Bxf4 Nxe4 36. Rxe3 Nd2 37. Nxd2 Rxd2 38. Qb8+ Kh7 39. Qb1+ Kh8 40. Re8+ Qxe8 41. Bxd2 Qe6 42. Qb8+ Kh7 43. Qxc7 Qxa2 44. Bf4 Qc4 45. Be5 Qc5+ 46. Kf1 Qxe5 47. Qd7 Qa1+ 48. Ke2 Qb2+ 49. Kd3 Qb5+ 50. Ke4 a5 51.
Qf5+ Qxf5+ 52. Kxf5 1-0

[Event "Early-Titled-Tuesday-Blitz-January-23-2024"]
[Site "Chess.com"]
[Date "2024.01.23"]
[Round "9"]
[White "guillembaches"]
[Black "Heinza9"]
[Result "1-0"]
[WhiteElo "2525"]
[BlackElo "2332"]
[TimeControl "180+1"]
[EndTime "9:46:23 PST"]
[Termination "guillembaches won on time"]

1. e4 e5 2. Nf3 Nc6 3. Nc3 Nf6 4. d4 Bb4 5. Nxe5 O-O 6. Qd3 Re8 7. Bd2 Nxe5 8.
dxe5 Rxe5 9. O-O-O d6 10. a3 Bc5 11. f4 Re8 12. h3 c6 13. g4 b5 14. g5 Nd7 15. Bg2 a5 16. Ne2 b4 17. a4 Ba6 18. Qf3 d5 19. e5 Nb6 20. b3 Qc7 21. Be3 Bxe3+ 22. Qxe3 c5 23. Bxd5 Rad8 24. Be4 c4 25.
Kb1 cxb3 26. cxb3 Bxe2 27. Qxe2 Qc3 28. Qc2 Qxc2+ 29. Kxc2 Rc8+ 30. Kb2 f6 31. gxf6 gxf6 32. Rhg1+ Kh8 33. Rd6 Rb8 34. Rxf6 Rf8 35. Rxf8+ Rxf8 36. f5 Nd7 37. e6 Nf6 38. Bc6 Rc8 39. Bb5 h6 40. Rd1 Kh7 41. e7 Kg7 42. Rd8 Rc7 43.
e8=Q Nxe8 44. Rxe8 Rc5 45. Re2 Rxf5 46. Rg2+ Kf6 47.
Bd3 Rf3 48. Bc2 Rxh3 49. Kc1 Rh1+ 50. Kd2 Rh3 51. Bd3 Ke5 52. Re2+ Kd4 53. Bc2 Rh1 54. Rg2 Rh3 55. Rg4+ Ke5 56. Rg2 h5 57. Bd1 h4 58.
Rg5+ 1-0

[Event "Early-Titled-Tuesday-Blitz-January-23-2024"]
[Site "Chess.com"]
[Date "2024.01.23"]
[Round "9"]
[White "frederiksvane"]
[Black "Jospem"]
[Result "0-1"]
[WhiteElo "2953"]
[BlackElo "3107"]
[TimeControl "180+1"]
[EndTime "9:46:24 PST"]
[Termination "Jospem won by resignation"]

1. e4 e5 2. Nf3 Nf6 3. Nxe5 d6 4.
Nf3 Nxe4 5. d3 Nf6 6. d4 Be7 7. Bd3 O-O 8. O-O Nbd7 9. c4 d5 10. Nc3 dxc4 11. Bxc4 Nb6 12. Bb3 c6 13. Ne5 Nbd5 14. Bg5 Be6 15. Qf3 Nc7 16. Rad1 Bxb3 17. axb3 Nfd5 18. Bc1 f6 19. Nd3 Qd7 20. Nc5 Bxc5 21.
dxc5 Qf7 22. Ne4 Nb5 23. Rfe1 Rad8 24. h3 Rfe8 25. Bf4 Re6 26. Nd6 Nxd6 27. Bxd6 Rde8 28. Rxe6 Qxe6 29. Ra1 a6 30. Ra4 Qe2 31. Qf5 Qe6 32.
Qf3 g6 33. Kh2 Qe2 34. Qg3 Qd1 35. h4 Re1 36. Qf3 Qxf3 37. gxf3 Kf7 38. Re4 Rd1 39. h5 g5 40. Kg3 Rd2 41. f4 gxf4+ 42. Kg4 Rxf2 43.
h6 Rg2+ 44. Kf3 Rg3+ 45. Kf2 Rxb3 46. Bxf4 Rxb2+ 47. Kf3 Rb4 48. Rxb4 Nxb4 49. Bd2 Nd5 50. Ke4 Kg6 51. Bc1 a5 52. Kf3 a4 53. Kg4 f5+ 54. Kf3 a3 55. Bxa3 Kxh6 56. Bc1+ Kg6 57. Bd2 Kf6 58.
Kg3 Ke5 59. Kh4 Ke4 60. Kg5 f4 61. Be1 f3 62. Bf2 Nf4 63. Kg4 Nd3 64. Bh4 f2 65.
Bxf2 Nxf2+ 66. Kh4 Nd3 67. Kg5 Nxc5 0-1

[Event "Early-Titled-Tuesday-Blitz-January-23-2024"]
[Site "Chess.com"]
[Date "2024.01.23"]
[Round "9"]
[White "FGHSMN"]
[Black "Zurability"]
[Result "0-1"]
[WhiteElo "2970"]
[BlackElo "2762"]
[TimeControl "180+1"]
[EndTime "9:46:25 PST"]
[Termination "Zurability won by resignation"]

1. b3 d6 2. Bb2 e5 3. c4 Nc6 4. Nc3 g6 5. e3 Bg7 6. Nf3 Nge7 7. Be2 O-O 8. d3 h6 9. O-O Be6 10. a3 a5 11. e4 f5 12. Nd5 g5 13. b4 Ng6 14. b5 Nd4 15. Nxd4 exd4 16. exf5 Bxf5 17. b6 c6 18. Nc7 Rc8 19. Bg4 Qf6 20. Qf3 Nf4 21. Bxf5 Qxf5 22. Rad1 Qc5 23. Bc1 Qxb6 24. Bxf4 Qxc7 25. Bxd6 Qxd6 26. Qe2 Rce8 27. Qb2 Re7 28. Qb6 Qxa3 29. Qb1 Qd6 30. Qa2 b6 31. Rb1 c5 32. Rb2 Rfe8 33. Qb1 Re6 34. h3 Qe7 35. Qc2 Re2 36. Qb3 Rxb2 37. Qxb2 Qe6 38. Qb5 Be5 39. Qa6 Bc7 40. Qb7 Qd6 41. g3 Kg7 42. Rb1 Re7 43. Qf3 Qf6 44. Qg4 Rf7 45. Qe2 Re7 46. Qg4 Qe6 47.
Qf3 Qe2 48. Qf5 Rf7 49. Qd5 Qxf2+ 50. Kh1 Qxg3 0-1

[Event "Early-Titled-Tuesday-Blitz-January-23-2024"]
[Site "Chess.com"]
[Date "2024.01.23"]
[Round "9"]
[White "Revan_2002"]
[Black "yaguigor"]
[Result "0-1"]
[WhiteElo "2404"]
[BlackElo "2642"]
[TimeControl "180+1"]
[EndTime "9:46:26 PST"]
[Termination "yaguigor won by resignation"]

1. Nf3 d5 2. g3 Bg4 3. Bg2 Nd7 4. O-O c6 5. c4 e6 6. cxd5 exd5 7. d3 Ngf6 8. Nc3 Bc5 9. e4 dxe4 10. dxe4 O-O 11. Qc2 Qe7 12. Bf4 Bxf3 13. Bxf3 Ne5 14. Be2 Rad8 15.
Kg2 Bd4 16. f3 Qc5 17. Rac1 Be3 18. Bxe3 Qxe3 19. Rcd1 h5 20. Rxd8 Rxd8 21. Rd1 Rxd1 22. Nxd1 Qb6 23. Nf2 Qd4 24. h4 c5 25. b3 b6 26. Nh3 g6 27. Nf4 Kg7 28. Nh3 Qe3 29.
Ng5 Ne8 30. f4 Nc6 31. Bc4 Nd4 32. Qb2 Nd6 33. Bd5 f6 34. e5 fxe5 35. b4 exf4 36.
gxf4 Nf5 37. bxc5 Nxh4+ 38. Kh2 Kh6 39. Nh3 Nhf3+ 40. Kg3 Ne1+ 41. Kh2 h4 42. cxb6 Qg3+ 43. Kh1 Qxh3+ 44. Kg1 Nef3+ 45. Kf2 Qh2+ 46. Ke3 Qxb2 47. bxa7 Qc3+ 48. Ke4 Nd2+ 49. Ke5 Nb5+ 50. Ke6 Nxa7 0-1

[Event "Early-Titled-Tuesday-Blitz-January-23-2024"]
[Site "Chess.com"]
[Date "2024.01.23"]
[Round "9"]
[White "FMVolodymyrSakun"]
[Black "pfalcon1949"]
[Result "1-0"]
[WhiteElo "2513"]
[BlackElo "2033"]
[TimeControl "180+1"]
[EndTime "9:46:26 PST"]
[Termination "FMVolodymyrSakun won by checkmate"]

1. e4 e6 2. d3 d5 3. Nd2 c5 4. g3 Bd6 5. Bg2 Ne7 6. f4 Nbc6 7. Ngf3 O-O 8. O-O b6 9. e5 Bc7 10. Re1 a5 11. Nf1 a4 12. a3 Ba6 13. g4 Rb8 14.
Ng3 Nd4 15. Nxd4 cxd4 16. Ne2 Nc6 17. Kh1 b5 18. b3 b4 19. bxa4 Ba5 20. axb4 Bxb4 21.
Rf1 Bc3 22. Ra3 Qb6 23. Nxc3 dxc3 24. Rxc3 Rfc8 25. Rb3 Qd4 26. Rxb8 Rxb8 27. a5 Rb1 28. Qe2 Qa1 29. Bd2 Rxf1+ 30. Qxf1 Qb2 31. Qc1 Qd4 32. Be3 Qa4 33. c4 dxc4 34. d4 Ne7 35. f5 exf5 36. gxf5 Nxf5 37. Bg1 g6 38. Be4 Ng7 39.
Qb1 h5 40. Bg2 Qb3 41. Qc1 c3 42. d5 c2 43. d6 Bb5 44. Be3 Bd7 45. a6 Qb1 46. a7 Bc6 47. Bxc6 Nf5 48. a8=Q+ Kg7 49. Bd2 Qb3 50. Bg2 Qd3 51. Qe4 Qxe4 52. Bxe4 Nd4 53.
Be3 Ne6 54. Qxc2 h4 55. Bd5 h3 56. Bxe6 fxe6 57. d7 g5 58. Bxg5 Kf7 59. Qh7+ Kf8 60. d8=Q# 1-0

[Event "Early-Titled-Tuesday-Blitz-January-23-2024"]
[Site "Chess.com"]
[Date "2024.01.23"]
[Round "9"]
[White "Makswolf200817"]
[Black "Jumbo"]
[Result "0-1"]
[WhiteElo "2739"]
[BlackElo "2964"]
[TimeControl "180+1"]
[EndTime "9:46:27 PST"]
[Termination "Jumbo won on time"]

1. e4 c5 2. Nf3 d6 3. d4 cxd4 4. Nxd4 Nf6 5. Nc3 Nc6 6. f3 e5 7.
Nb3 Be7 8. Be3 a5 9. Bb5 O-O 10. Qd2 Be6 11. O-O-O Qc7 12. Kb1 Na7 13. Bxa7 Rxa7 14. a4 Raa8 15. g4 Rfd8 16. g5 Nh5 17.
h4 Nf4 18. Nd5 Bxd5 19. exd5 Rf8 20. Nd4 Nxd5 21. Nf5 Nf4 22. Nxe7+ Qxe7 23. Qxd6 Qxd6 24. Rxd6 Rfd8 25. Rhd1 Rxd6 26. Rxd6 g6 27. Rb6 Ra7 28. Bc4 Ng2 29. Rb5 Nxh4 30. Bd5 Nf5 31. c3 Kg7 32.
Rxb7 Rxb7 33. Bxb7 Nd6 34. Bd5 f6 35. gxf6+ Kxf6 36.
b4 h5 37. b5 h4 38. c4 e4 39. fxe4 Ke5 40. c5 h3 41. cxd6 h2 42. d7 h1=Q+ 43.
Kb2 Qh4 44. b6 Qd8 45. b7 Kd6 46. Kc3 Kxd7 47. Kd4 Qb6+ 48. Ke5 Qd6+ 49. Kd4 Qb4+ 50. Ke5 Qe7+ 51. Kf4 Kc7 52. e5 Qh4+ 53. Kf3 Qh3+ 54. Kf4 Qf5+ 0-1

[Event "Early-Titled-Tuesday-Blitz-January-23-2024"]
[Site "Chess.com"]
[Date "2024.01.23"]
[Round "9"]
[White "Young_Catalan_Player09"]
[Black "atalz0"]
[Result "0-1"]
[WhiteElo "2557"]
[BlackElo "2480"]
[TimeControl "180+1"]
[EndTime "9:46:27 PST"]
[Termination "atalz0 won by checkmate"]

1. e4 d5 2. exd5 Nf6 3. d4 Nxd5 4.
Nf3 Bg4 5. Be2 Nc6 6. O-O e6 7. c4 Nb6 8. Nc3 Be7 9. Be3 Bxf3 10. Bxf3 Nxc4 11. Bxc6+ bxc6 12. Qa4 Nb6 13. Qxc6+ Qd7 14. Qf3 O-O 15. Rac1 Rfb8 16. b3 a5 17. Rc2 a4 18.
Nxa4 Nxa4 19. bxa4 Rxa4 20. Rfc1 Bd6 21. g3 h6 22. Qg4 Kh7 23. Qe4+ f5 24. Qd3 Rba8 25. Qb3 Ra3 26. Qc4 R8a4 27. Qe2 Ra5 28. h4 Qb5 29. Qh5 f4 30. Qxb5 Rxb5 31. Bxf4 Bxf4 32. gxf4 Rf5 33. Rxc7 Rxf4 34. Re7 Rxh4 35. Rcc7 Rg4+ 36. Kh2 Rg6 37. Ra7 Rxa7 38. Rxa7 Rg4 39. Rd7 h5 40. a4 Kg6 41.
a5 Rg5 42. a6 Ra5 43. a7 Kf6 44. Kg3 g5 45. f3 Ra3 46. Rh7 g4 47. Rxh5 gxf3 48.
Rh7 Kf5 49. Rf7+ Ke4 50. Rf4+ Kd5 51. Rxf3 Rxa7 52. Rf4 Ra3+ 53. Kf2 Rd3 54. Ke2 Rxd4 55. Rf7 Re4+ 56. Kd3 Rh4 57. Ke2 Rh3 58. Ke1 Ke4 59. Ke2 Rh2+ 60. Kf1 e5 61. Rg7 Kf3 62. Re7 Rh1# 0-1

[Event "Early-Titled-Tuesday-Blitz-January-23-2024"]
[Site "Chess.com"]
[Date "2024.01.23"]
[Round "9"]
[White "Denis_Makhnyov"]
[Black "MikaelyanArman"]
[Result "0-1"]
[WhiteElo "3005"]
[BlackElo "2852"]
[TimeControl "180+1"]
[EndTime "9:46:28 PST"]
[Termination "MikaelyanArman won on time"]

1. d4 Nf6 2. c4 d6 3. Nf3 g6 4. g3 Bg7 5. Bg2 O-O 6. Nc3 Nbd7 7. O-O e5 8. e4 exd4 9. Nxd4 Re8 10. h3 Nc5 11. Re1 Bd7 12. Qc2 Nfxe4 13. Nxe4 Bxd4 14. Bg5 f6 15. Nxc5 dxc5 16. Bf4 Bc6 17. Bxc6 bxc6 18. Rad1 Rxe1+ 19. Rxe1 Qd7 20. Kg2 Kf7 21. b3 Re8 22. Rxe8 Kxe8 23. Qd3 Kf7 24. g4 Qe6 25. Bxc7 Qe1 26. Bg3 a5 27. Qf3 Qe6 28. Bc7 a4 29. bxa4 Qxc4 30. Qb3 Qd5+ 31. Qxd5+ cxd5 32. Bb6 Ke6 33. a5 Kd7 34. a6 Kc6 35. a7 Kb7 36. f4 f5 37. Kf3 Ka8 38. a4 Kb7 39. a5 h6 40. Kg3 Be3 41. Kf3 Bd4 42. Kg2 Be3 43. Kg3 Bg1 44. gxf5 gxf5 45. Kh4 Be3 46.
Kh5 Bxf4 47. Kg6 c4 48. Kxf5 Bd2 49. a6+ Ka8 50. Bd4 c3 51. Ke6 c2 52. Bb2 Bc3 53. Bc1 d4 54. Kd5 d3 55. Kc4 d2 56. Bxd2 Bxd2 57. Kd3 c1=Q 0-1

[Event "Early-Titled-Tuesday-Blitz-January-23-2024"]
[Site "Chess.com"]
[Date "2024.01.23"]
[Round "9"]
[White "santosalberto1987"]
[Black "DarkAlekhine"]
[Result "1-0"]
[WhiteElo "2565"]
[BlackElo "2693"]
[TimeControl "180+1"]
[EndTime "9:46:28 PST"]
[Termination "santosalberto1987 won by resignation"]

1. e4 c5 2. Nf3 d6 3. Bb5+ Nd7 4. d4 cxd4 5. Qxd4 a6 6. Bxd7+ Bxd7 7. Nc3 e5 8. Qd3 h6 9. Nd2 Nf6 10. Nc4 Be6 11.
Ne3 Be7 12. O-O O-O 13. Ned5 Rc8 14. Rd1 Nxd5 15. Nxd5 Bxd5 16. exd5 f5 17. c4 Qd7 18. b3 Bf6 19. Bb2 g6 20. Qd2 Kh7 21. f4 Rce8 22.
fxe5 Bxe5 23. Bxe5 Rxe5 24. Re1 Rfe8 25. Rxe5 Rxe5 26. Re1 Qe7 27. Rxe5 Qxe5 28. c5 Kg7 29. cxd6 Qxd6 30. Qd4+ Qf6 31. Qd2 Kf7 32. d6 Ke8 33.
h3 g5 34. d7+ Kd8 35. Qd5 Qb6+ 36. Kh1 f4 37. Qf7 Qe3 38. Qf6+ Kxd7 39. Qxh6 f3 40. Qg7+ Ke6 41. Qg8+ Ke5 42. Qe8+ Kd4 43. Qd8+ Kc3 44. Qf6+ Kc2 45. Qxf3 Qe1+ 46. Kh2 b5 47. Qg3 Qxg3+ 48. Kxg3 Kb2 49. h4 gxh4+ 50. Kxh4 Kxa2 51. g4 Kxb3 52. g5 a5 53. g6 a4 54. g7 a3 55. g8=Q+ Kb2 56.
Qg7+ Kb3 57. Qf7+ Kb2 58. Qf6+ Kb3 59. Qe6+ Ka4 60. Kg3 b4 61. Qc4 Ka5 62. Qb3 Kb5 63.
Kf3 1-0

[Event "Early-Titled-Tuesday-Blitz-January-23-2024"]
[Site "Chess.com"]
[Date "2024.01.23"]
[Round "9"]
[White "s4p0ud"]
[Black "Egor_Koshulyan"]
[Result "0-1"]
[WhiteElo "2524"]
[BlackElo "2700"]
[TimeControl "180+1"]
[EndTime "9:46:28 PST"]
[Termination "Egor_Koshulyan won by resignation"]

1. e4 c5 2. b3 Nf6 3. e5 Nd5 4. Bb2 Nc6 5. Nf3 e6 6. c4 Nc7 7. g3 b6 8. Bg2 Bb7 9. O-O Be7 10.
Nc3 O-O 11. d4 cxd4 12. Nxd4 Bc5 13. Nxc6 Bxc6 14. Ne4 Bxe4 15. Bxe4 Rb8 16. Qc2 h6 17. Rad1 Qe7 18. Rd2 Rfd8 19. Rfd1 Ne8 20. Rd3 d6 21. Qd2 a5 22. Bc3 Qc7 23. Kg2 Rd7 24.
Qf4 Rbd8 25. Qf3 dxe5 26. Rxd7 Rxd7 27. Rxd7 Qxd7 28. Bc6 Qd8 29. Bxe5 Nd6 30. Qg4 Nf5 31. Be4 g6 32. Bxf5 exf5 33. Qf3 Qd2 34. Qa8+ Bf8 35. Qb8 Qd3 36. Qxb6 Qe4+ 37. Kf1 Qxe5 38. Qb5 Qa1+ 39.
Kg2 Qxa2 40. c5 Qc2 41. c6 Qe4+ 42. Kf1 Bd6 43. Qa6 Qb1+ 44. Kg2 Qc2 45. Qc8+ Kg7 46. Qd7 Qc5 47. Qb7 f4 48. gxf4 Bxf4 49. Qa6 Bd6 50. Qc4 Qxc4 51. bxc4 a4 52. c5 Bc7 53. f4 a3 54. f5 a2 55. f6+ Kxf6 0-1

[Event "Early-Titled-Tuesday-Blitz-January-23-2024"]
[Site "Chess.com"]
[Date "2024.01.23"]
[Round "9"]
[White "jk13"]
[Black "Mikhail_Golubev"]
[Result "1-0"]
[WhiteElo "2637"]
[BlackElo "2507"]
[TimeControl "180+1"]
[EndTime "9:46:29 PST"]
[Termination "jk13 won on time"]

1. e4 c5 2. Nf3 d6 3. c3 Nf6 4.
Be2 g6 5. O-O Bg7 6. Bb5+ Nbd7 7. Re1 a6 8. Bf1 Ne5 9. Nxe5 dxe5 10. a4 b6 11. Bc4 O-O 12. d3 Bd7 13. Nd2 b5 14. Ba2 Qc7 15. Qe2 bxa4 16. Nc4 Bb5 17. Bg5 h6 18. Bh4 Nh5 19. Qf3 Rad8 20. Rad1 Bf6 21.
Bxf6 Nxf6 22. Qg3 Bxc4 23. Bxc4 Kg7 24. Ra1 Nd7 25. Qe3 Nb6 26. Bxa6 Ra8 27. Bb5 Ra5 28. c4 Rfa8 29. Ra3 Nc8 30. Rea1 Nd6 31. Bxa4 Qb6 32.
b3 Qb4 33. h4 f6 34. h5 g5 35. Qh3 Qc3 36. Qe6 Qxd3 37. Qxe7+ Nf7 38. Be8 R8a7 39.
Qxf7+ Rxf7 40. Rxa5 Re7 41. Bg6 Qxb3 42. Ra7 Kf8 43. Ra8+ Kg7 44. Rd8 Qxc4 45. Raa8 Rb7 46. Kh2 f5 47. exf5 g4 48. g3 Kf6 49. Rf8+ Kg5 50.
Rg8 Qe2 51. Bf7+ Kxf5 52. Bg6+ Kg5 53. Be4+ Kf6 54. Rg6+ Kf7 55. Bg2 Rb2 56. Bd5+ Ke7 57. Ra7+ 1-0